cohdb
Replays
Latest Replays
All Replays
Popular Replays
Top Player Replays
Match Explorer
How It Works
Community
CoH3 Stats
Reddit
Sign in to upload your games and track your stats! →
Sign in with Steam
Match 45515717
Unlisted
Match 45515717
Overview
Messages
Build Orders
End
Kradschützen Motorcycle Team
Panzergrenadier Squad
Panzerpioneer Squad
250 Light Carrier
Panzerpioneer Squad
Construct Light Support Kompanie
Selects Battlefield Espionage Battlegroup
Selects Battlefield Espionage Battlegroup
Selects Intel Disruption Beacon
Panzerpioneer Squad
Fire Support Elements
Panzerjäger Mechanized Group
Selects 250/3 Funkpanzerwagen
Veteran Squad Leaders
Construct Panzerarmee Kommand
Pak 38 Anti-tank Gun Team
Panzer III L Medium Tank
le.IG 18 Mechanized Group
Combat Half-tracks
Panzer III L Medium Tank
Tungsten Core Ammunition
Panzerpioneer Squad
Armored Reserves
Selects Transfer Depots
Panzer IV Assault Group
Selects Anti-Tank Incendiary Munitions
2.5-tonne Medical Truck
Emergency Repair Kits
Kanade
Sunk Cost
ZFranchise2121
eagles_79
0
0
Comments
sign in to comment!
No comments posted yet!